Map: Rosanegro LE

Players

IagoAbreu

  • Race: Zerg Zerg
  • Spawn Location: 7:00

I.A. 1 (Muito Difícil) - Winner!

  • Race: Protoss Protoss
  • Spawn Location: 1:00

VOD

Have the link to the VOD?

Description

Time

  • Played on: May 7, 2018, 5:36 p.m.
  • Length: 16:04
Show
View Real Time Build Order
Export as new Build Order

IagoAbreu Zerg 

Build Orders: Pool First 

Get SALT Encoding   

  12  0:02  Drone  
  13  0:09  Drone  
  14  0:17  Overlord  
  14  0:30  Extractor  
  14  0:31  Drone  
  14  0:37  Drone  
  14  0:38  Drone  
  16  0:48  Spawning Pool  
  15  0:53  Drone  
  16  0:58  Drone  
  17  1:07  Overlord  
  17  1:18  Drone  
  18  1:30  Drone, Evolution Chamber  
  18  1:35  Queen  
  20  1:41  Drone  
  20  1:46  Metabolic Boost  
  21  1:53  Drone  
  22  2:01  Extractor  
  22  2:02  Drone  
  22  2:11  Zerg Melee Weapons Level 1  
  22  2:19  Drone  
  23  2:26  Drone  
  24  2:39  Drone  
  24  2:42  Hatchery  
  24  2:44  Drone  
  24  2:45  Drone x2  
  27  2:56  Queen  
  29  3:26  Zergling x2  
  30  3:27  Overlord x2  
  30  3:28  Overlord x2  
  30  4:18  Lair  
  30  4:25  Zergling x4  
  30  4:26  Zergling x16  
  30  4:27  Zergling x2  
  41  4:53  Zergling x4  
  41  4:54  Zergling x14  
  46  5:08  Zergling x4  
  40  5:26  Zerg Melee Weapons Level 2  
  40  5:29  Zergling x12  
  40  5:30  Zergling x2  
  46  5:43  Zergling x4  
  38  6:07  Zergling x16  
  38  6:08  Zergling x2  
  47  6:15  Spire  
  46  6:20  Hatchery  
  46  6:21  Queen  
  47  6:28  Zergling x6  
  47  6:32  Zergling x4  
  52  6:33  Overlord  
  49  7:04  Zergling x2  
  49  7:05  Zergling x18  
  39  7:31  Mutalisk x4  
  39  7:48  Zerg Ground Armor Level 1  
  39  7:49  Mutalisk x2  
  41  7:59  Drone x3  
  44  8:20  Zerg Flyer Weapons Level 1  
  44  8:27  Mutalisk x2  
  44  8:29  Zergling x4  
  44  8:30  Zergling x4  
  44  8:33  Zergling x2  
  53  8:54  Zergling x16  
  61  9:08  Zergling x10  
  65  9:17  Overlord  
  65  9:18  Overlord  
  65  9:21  Zergling x2  
  46  9:34  Zergling x10  
  49  9:41  Drone x2  
  49  9:42  Drone  
  46  10:04  Zergling x2  
  46  10:05  Zergling x14  
  51  10:08  Zergling x2  
  45  10:41  Roach Warren  
  44  10:45  Nydus Network  
  44  10:46  Overseer  
  43  11:27  Roach x2  
  43  11:28  Roach x11  
  69  11:40  Zergling x6  
  69  11:41  Zergling x4  
  74  11:47  Zerg Missile Weapons Level 1  
  74  12:26  Roach x4  
  74  12:29  Overlord x4  
  82  12:30  Overlord x2  
  82  12:42  Pneumatized Carapace  
  82  12:49  Roach x6  
  82  12:51  Zergling x2  
  95  13:16  Nydus Canal  
  95  13:26  Mutalisk  
  95  13:27  Mutalisk x5, Zergling x2  
  96  14:04  Mutalisk  
  96  14:05  Mutalisk x2  
  82  14:20  Hatchery  
  63  15:04  Overseer  
Show
View Real Time Build Order
Export as new Build Order

I.A. 1 (Muito Difícil) Protoss - Winner!

Build Orders: Zealot Archon 

Get SALT Encoding   

  12  0:00  Probe  
  13  0:13  Probe  
  14  0:20  Pylon  
  14  0:25  Probe  
  15  0:34  Probe  
  16  0:42  Probe  
  16  0:48  Assimilator  
  17  0:51  Probe  
  17  0:52  Gateway  
  18  0:59  Probe  
  18  1:00  Pylon  
  19  1:07  Probe  
  20  1:19  Probe  
  21  1:31  Probe  
  22  1:40  Zealot  
  22  1:42  Cybernetics Core  
  22  1:43  Probe  
  25  2:00  Nexus  
  25  2:10  Gateway  
  25  2:17  Pylon, Warp Gate  
  25  2:20  Zealot  
  27  2:24  Probe  
  28  2:35  Assimilator  
  28  2:36  Probe  
  29  2:47  Adept  
  29  2:48  Probe  
  32  2:53  Adept  
  34  3:00  Pylon, Probe  
  36  3:12  Probe  
  36  3:14  Adept, Probe, Sentry  
  39  3:26  Probe  
  42  3:29  Probe  
  43  3:38  Probe  
  43  3:40  Stalker  
  46  3:43  Robotics Facility, Probe  
  47  3:50  Adept, Probe  
  47  3:55  Probe  
  51  4:01  Probe  
  51  4:07  Probe  
  51  4:09  Pylon, Probe  
  53  4:10  Adept  
  56  4:17  Probe  
  56  4:19  Probe  
  58  4:27  Stalker  
  60  4:32  Probe, Immortal  
  60  4:33  Pylon, Probe  
  66  4:44  Probe  
  66  4:45  Stalker, Probe  
  70  4:51  Robotics Facility  
  70  4:53  Stalker  
  72  5:01  Immortal  
  72  5:03  Probe  
  72  5:05  Probe  
  72  5:10  Zealot  
  72  5:12  Pylon  
  70  5:16  Adept  
  72  5:23  Pylon  
  72  5:26  Twilight Council  
  72  5:31  Adept  
  74  5:36  Zealot  
  72  5:48  Probe  
  62  5:51  Probe  
  58  6:00  Probe  
  58  6:03  Probe  
  60  6:04  Assimilator  
  60  6:07  Templar Archives  
  60  6:11  Assimilator  
  60  6:13  Probe x2  
  62  6:21  Probe  
  62  6:22  Probe  
  63  6:29  Probe  
  64  6:34  Gateway, Probe  
  66  6:41  Probe  
  66  6:45  High Templar  
  66  6:47  Probe  
  70  6:48  High Templar  
  70  6:53  Probe  
  73  6:59  Probe  
  74  7:04  Probe  
  65  7:09  Observer  
  65  7:11  Probe  
  65  7:12  Probe  
  61  7:17  Zealot  
  61  7:19  Archon  
  61  7:20  Sentry  
  66  7:23  Probe  
  66  7:25  Forge  
  66  7:27  Probe  
  66  7:28  Zealot  
  69  7:35  Probe  
  69  7:37  Probe  
  71  7:38  Adept  
  71  7:43  High Templar  
  74  7:47  Probe  
  74  7:48  Zealot  
  74  7:50  Forge, Protoss Ground Weapons Level 1  
  77  7:52  Pylon  
  77  7:58  Stalker  
  79  7:59  Gateway  
  79  8:09  Stalker  
  81  8:12  Photon Cannon  
  81  8:15  Pylon, Sentry  
  83  8:21  High Templar  
  83  8:26  Protoss Ground Armor Level 1  
  85  8:31  Zealot  
  87  8:35  Photon Cannon, Sentry  
  87  8:37  Photon Cannon  
  87  8:39  Archon  
  89  8:41  Nexus  
  89  8:52  High Templar, Stalker  
  89  8:53  Stalker  
  89  8:54  Stalker  
  97  8:58  Pylon  
  92  9:15  High Templar  
  92  9:16  Stalker  
  96  9:17  Stalker  
  96  9:24  Stalker  
  98  9:33  Stalker  
  96  9:39  Stalker  
  96  9:41  Probe  
  96  9:42  Stalker  
  100  9:47  Stalker, Archon  
  102  9:53  High Templar, Probe  
  102  9:54  Probe x2  
  107  10:05  High Templar, Assimilator  
  107  10:06  Probe x3  
  112  10:09  Stalker  
  112  10:10  Pylon  
  112  10:12  Assimilator, Archon  
  114  10:15  Probe  
  114  10:18  Probe  
  114  10:19  Probe  
  117  10:23  Probe  
  117  10:24  High Templar  
  117  10:27  Probe  
  119  10:30  Probe  
  119  10:33  Probe  
  119  10:34  Photon Cannon  
  121  10:36  High Templar  
  121  10:37  Pylon  
  121  10:38  Probe  
  121  10:42  Probe  
  126  10:44  Archon  
  126  10:45  Probe  
  126  10:47  High Templar  
  126  10:49  Probe  
  129  10:54  Probe  
  129  10:56  High Templar  
  133  10:57  Probe  
  133  10:58  Pylon  
  133  11:00  Photon Cannon  
  133  11:01  Probe  
  133  11:03  Photon Cannon  
  135  11:06  Probe, Immortal  
  135  11:07  Psionic Storm  
  135  11:09  Probe, Archon  
  137  11:13  Probe  
  143  11:18  Probe  
  143  11:21  Probe  
  143  11:22  Immortal  
  143  11:23  Pylon  
  148  11:27  Stalker  
  148  11:30  Stalker  
  152  11:33  Adept  
  152  11:35  Sentry  
  152  11:36  Protoss Ground Weapons Level 2  
  156  11:44  Pylon  
  156  11:50  Blink, Sentry  
  156  11:51  Photon Cannon  
  156  11:52  Warp Prism  
  156  11:54  Warp Prism  
  162  12:07  Pylon  
  162  12:16  Gateway  
  162  12:21  Robotics Facility  
  162  12:23  Photon Cannon, Observer  
  162  12:24  Nexus  
  162  12:29  Observer  
  163  12:33  Pylon  
  163  12:34  High Templar  
  163  12:35  High Templar  
  168  12:41  Archon  
  168  12:44  High Templar  
  168  12:49  Zealot  
  172  12:54  Photon Cannon  
  172  12:55  Pylon  
  172  13:05  Stargate  
  172  13:06  High Templar  
  172  13:07  Gateway  
  172  13:10  Zealot x2  
  178  13:18  Robotics Bay  
  178  13:20  Zealot  
  178  13:21  Pylon  
  180  13:29  Zealot  
  180  13:30  Zealot, Stalker  
  186  13:37  Probe  
  186  13:38  Probe x3  
  182  13:43  Stalker  
  182  13:47  Assimilator, Nexus  
  179  13:49  Probe  
  179  13:50  Probe x3  
  179  13:51  Pylon  
  179  13:52  Archon  
  180  13:58  Probe  
  180  13:59  Gravitic Drive  
  180  14:02  Probe  
  178  14:08  Probe  
  172  14:10  Probe  
  172  14:13  Pylon  
  172  14:16  Twilight Council  
  162  14:36  Pylon  
  162  14:37  Probe  
  162  14:39  Probe  
  162  14:41  Probe  
  165  15:02  Pylon  
  165  15:06  Pylon  
  165  15:10  Gateway  
  163  15:15  Pylon  
  163  15:17  Cybernetics Core  
  162  15:28  Pylon  
  162  15:29  Probe  
  162  15:31  Photon Cannon  
  162  15:32  Probe  
  164  15:36  Photon Cannon  
  164  15:41  Pylon  
  164  15:43  Probe x2  
  164  15:47  Zealot  
  164  15:49  Forge, Probe  
  170  15:50  Probe  
  165  15:59  Robotics Facility  
Tags
 
Composition
Zealot Archon
Matchup
PvZ
Opening
Pool First
Spawn Locations
Cross Positions
Add a new tag
Caveats
  • Supply blocks, unpowered buildings, or Contaminate may cause inaccurate times.
  • Supply counts are checked every 10 seconds.